 Dungeon Crawl Stone Soup version 0.21.0-3-g78d12a8 (webtiles) character file.

58688 shmeve the Fighter (level 14, -10/133 HPs)
             Began as a Minotaur Berserker on Jan 14, 2018.
             Was a High Priest of Trog.
             Mangled by a green ugly thing (11 damage)
             ... on level 14 of the Dungeon on Jan 15, 2018.
             The game lasted 00:35:05 (19052 turns).

shmeve the Fighter (Minotaur Berserker)            Turns: 19052, Time: 00:35:05

Health: -10/133    AC: 22    Str: 33    XL:     14   Next: 50%
Magic:  13/13      EV: 12    Int: 12    God:    Trog [*****.]
Gold:   1041       SH: 13    Dex: 10    Spells: 13/13 levels left

rFire    . . .     SeeInvis +   o - +0 war axe
rCold    . . .     Gourm    .   t - +0 buckler of Loss {Str+6 Int+4 SInv}
rNeg     + + .     Faith    .   z - +0 plate armour
rPois    +         Spirit   .   (helmet restricted)
rElec    +         Reflect  +   l - +0 cloak
rCorr    .         Harm     .   K - +3 pair of gloves of the Armoured One {rElec rPois rN++ Int+4}
MR       +++..                  y - +0 pair of boots
Stlth    ..........             M - +6 amulet of reflection
HPRegen  1.32/turn              (no ring)
MPRegen  0.13/turn              (no ring)

@: lethally poisoned (-10 -> -52), berserk cooldown, regenerating, slowed, very
slow
A: retaliatory headbutt, horns 2
a: Berserk, Trog's Hand, Brothers in Arms, Burn Spellbooks, Renounce Religion


You were on level 14 of the Dungeon.
You worshipped Trog.
Trog was extremely pleased with you.
You were hungry.

You visited 2 branches of the dungeon, and saw 20 of its levels.

You collected 1108 gold pieces.
You spent 67 gold pieces at shops.

Inventory:

Hand Weapons
 o - a +0 war axe (weapon)
 s - a +1 hand axe of flaming
Missiles
 m - 10 javelins (quivered)
 x - 8 steel javelins
 Z - 7 poisoned javelins
Armour
 l - a +0 cloak (worn)
 t - the +0 buckler of Loss (worn) {Str+6 Int+4 SInv}
   (You found it on level 5 of the Dungeon)

   It affects your strength (+6).
   It affects your intelligence (+4).
   It lets you see invisible.
 y - a +0 pair of boots (worn)
 z - a +0 plate armour (worn)
 K - the +3 pair of gloves of the Armoured One (worn) {rElec rPois rN++ Int+4}
   (You found it on level 10 of the Dungeon)

   It affects your intelligence (+4).
   It insulates you from electricity.
   It protects you from poison.
   It greatly protects you from negative energy.
Jewellery
 C - a +3 ring of intelligence {unknown}
 M - a +6 amulet of reflection (around neck)
 N - an uncursed ring of resist corrosion {unknown}
 O - an uncursed ring of ice {unknown}
 P - an uncursed ring of wizardry {unknown}
 X - an uncursed ring of wizardry {unknown}
Wands
 r - a wand of acid (9)
 L - a wand of digging (19)
Scrolls
 b - 2 scrolls of noise {unknown}
 d - 14 scrolls of identify {unknown}
 f - 6 scrolls of remove curse {unknown}
 g - 2 scrolls of amnesia {unknown}
 k - 3 scrolls of enchant armour {unknown}
 q - a scroll of fog {unknown}
 u - 2 scrolls of blinking {unknown}
 v - 3 scrolls of teleportation {unknown}
 A - a scroll of fear {unknown}
 D - 4 scrolls of immolation {unknown}
 E - a scroll of silence {unknown}
 F - 3 scrolls of magic mapping {unknown}
 G - 2 scrolls of enchant weapon {unknown}
 I - a scroll of acquirement {unknown}
 Q - a scroll of holy word {unknown}
 S - 3 scrolls of vulnerability {unknown}
 V - a scroll of summoning {unknown}
Potions
 a - a potion of magic {unknown}
 e - 4 potions of curing {unknown}
 h - 2 potions of brilliance {unknown}
 i - 7 potions of agility {unknown}
 j - 6 potions of might {unknown}
 n - 4 potions of degeneration {unknown}
 p - 3 potions of heal wounds {unknown}
 w - a potion of resistance {unknown}
 B - a potion of cancellation {unknown}
 J - 2 potions of haste
 R - a potion of ambrosia {unknown}
 T - 2 potions of lignification {unknown}
Miscellaneous
 Y - a phial of floods
Comestibles
 c - 29 rations
 H - 18 chunks of flesh


   Skills:
 * Level 14.4 Fighting
 * Level 14.4 Axes
 + Level 8.8 Throwing
 + Level 10.6 Armour
 + Level 9.8 Dodging
 * Level 14.3 Shields


You had 13 spell levels left.
You didn't know any spells.

Dungeon Overview and Level Annotations

Branches:
Dungeon (14/15)            Temple (0/1) D:6            Lair (6/6) D:10
  Swamp (0/4) Lair:2        Snake (0/4) Lair:4        Slime (0/5) Lair:6
    Orc (0/2) D:9          Vaults (0/5) D:14

Altars:
Dithmenos
Elyvilon
Fedhas
Gozag
Hepliaklqana
Nemelex Xobeh
Qazlal
Ru
Sif Muna
Uskayaw
Vehumet
Yredelemnul
Zin
The Shining One
Jiyva

Shops:
D:13 *[

Annotations:
D:14 Nessos
Lair:6 1 runed door


Innate Abilities, Weirdness & Mutations

You reflexively headbutt those who attack you in melee.
You have a pair of horns on your head.


Message History

The centaur warrior zombie hits you but does no damage.
You closely miss the green ugly thing.
The green ugly thing is heavily wounded.
You slash the green ugly thing!
You hit the centaur warrior zombie but do no damage.
You hit the green ugly thing. You slash the cyan ugly thing!
You hit the green ugly thing but do no damage.
* * * LOW HITPOINT WARNING * * *
You feel extremely sick.
Nessos shoots an arrow.
The arrow hits you!
* * * LOW HITPOINT WARNING * * *
The arrow burns you.
* * * LOW HITPOINT WARNING * * *
You block the green ugly thing's attack.
The green ugly thing bites you but does no damage.
Nessos blinks!
Your troll bites the green ugly thing!
Your troll barely misses the green ugly thing. x2
The centaur warrior zombie hits you but does no damage.
The green ugly thing kicks you!
You die...

####.#.#.#..
............
##...###...# #...# ...#
#.).####..######
#......# #!...########
#..[...# #(....Tc.....
#....#.+ #.#..uu......
#....#.####....@uu.....
#....#....ยง...uZu(.....
#.......###........####
#........(............
#......###############
#......# #......#
#......# #....#.


You could see Nessos, 6 ugly things, a centaur warrior zombie and a friendly
troll (berserk).

Vanquished Creatures
  Azrael (D:12)
  Josephine (Lair:5)
  2 ogre magi
  2 catoblepae (Lair:6)
  3 hydras
  2 centaur warriors (D:13)
  10 two-headed ogres
  5 death yaks (Lair:6)
  3 skeletal warriors (D:13)
  The ghost of cerealjynx the Insei, a novice GnTm of Wu Jian (D:7)
  Pikel (D:9)
  2 ugly things
  2 manticores (Lair:6)
  A cyclops (D:11)
  8 elephants (Lair:6)
  5 black mambas
  2 gargoyles
  3 spiny frogs
  A kobold demonologist (D:13)
  6 komodo dragons
  8 rime drakes
  The ghost of ShadedKnight the Firebug, a novice DEFE (D:5)
  A queen bee (D:10)
  A queen bee (shapeshifter) (D:14)
  3 trolls
  Grinder (D:5)
  4 slime creatures (D:13)
  Prince Ribbit (D:5)
  9 hippogriffs
  9 dream sheep (Lair:6)
  7 blink frogs
  Sigmund (D:2)
  A wyvern (Lair:4)
  A vampire (D:12)
  30 yaks
  4 wraiths (Lair:5)
  Eustachio (D:6)
  2 basilisks (Lair:6)
  4 fire elementals (D:12)
  2 hungry ghosts
  9 steam dragons
  2 vampire mosquitoes (D:14)
  Edmund (D:4)
  7 nagas (Lair:4)
  2 acid dragons (D:12)
  3 hell hounds (D:12)
  2 porcupines
  8 water moccasins
  6 orc warriors
  4 sky beasts
  2 phantoms
  3 ice beasts
  2 eyes of draining (D:11)
  7 ogres
  16 wolves
  9 centaurs
  2 big kobolds
  12 crocodiles
  14 bullfrogs
  3 scorpions
  14 killer bees (D:10)
  14 wights
  3 howler monkeys
  3 crimson imps
  A centaur zombie (D:6)
  2 bullfrog zombies
  5 centaur skeletons
  3 jellies
  3 orc priests
  4 hounds
  4 bullfrog skeletons
  Terence (D:2)
  4 iguanas
  10 worker ants
  7 orc wizards
  A howler monkey zombie (D:6)
  8 gnolls
  11 adders
  5 shadow imps
  An adder skeleton (D:6)
  An adder zombie (D:6)
  2 worms
  4 leopard geckos
  38 orcs
  4 ball pythons
  8 giant cockroaches
  7 goblins
  3 hobgoblins (D:1)
  25 jackals
  10 kobolds
  4 quokkas
  4 bats
  6 frilled lizards
  3 leopard gecko skeletons
  12 rats
  4 fungi
  2 plants (Lair:6)
507 creatures vanquished.

Vanquished Creatures (collateral kills)
  A catoblepas (Lair:6)
  4 yaks (Lair:6)
5 creatures vanquished.

Vanquished Creatures (others)
  A rime drake (Lair:3)
  A steam dragon (Lair:3)
  15 fungi
  14 plants (Lair:6)
31 creatures vanquished.

Grand Total: 543 creatures vanquished

Notes
Turn   | Place    | Note
-------+----------+-------------------------------------------
     0 | D:1      | shmeve the Minotaur Berserker began the quest for the Orb.
     0 | D:1      | Reached XP level 1. HP: 19/19 MP: 0/0
   179 | D:1      | Reached XP level 2. HP: 27/27 MP: 1/1
   667 | D:2      | Reached ** piety under Trog
   727 | D:2      | Reached XP level 3. HP: 33/33 MP: 2/2
   760 | D:2      | Noticed Terence
   766 | D:2      | Killed Terence
   766 | D:2      | Reached skill level 1 in Throwing
   969 | D:2      | Reached XP level 4. HP: 41/41 MP: 3/3
  1062 | D:2      | Noticed Sigmund
  1075 | D:2      | Killed Sigmund
  1075 | D:2      | Reached skill level 5 in Fighting
  1075 | D:2      | Reached skill level 5 in Axes
  1075 | D:2      | Reached XP level 5. HP: 37/48 MP: 4/4
  1337 | D:3      | Found a hide-covered altar of Uskayaw.
  1337 | D:3      | Found a shadowy altar of Dithmenos.
  1338 | D:3      | Found a deep blue altar of Sif Muna.
  1373 | D:3      | Reached XP level 6. HP: 56/56 MP: 5/5
  1435 | D:3      | Reached *** piety under Trog
  1513 | D:3      | Found a blossoming altar of Fedhas.
  1638 | D:3      | Found a sacrificial altar of Ru.
  1725 | D:3      | Found a glowing silver altar of Zin.
  1725 | D:3      | Found a glowing golden altar of the Shining One.
  2268 | D:4      | Reached XP level 7. HP: 62/62 MP: 6/6
  2615 | D:4      | Reached **** piety under Trog
  2812 | D:4      | Noticed Edmund
  2820 | D:4      | Killed Edmund
  3105 | D:5      | Entered Level 5 of the Dungeon
  3168 | D:5      | Found a white marble altar of Elyvilon.
  3229 | D:5      | Found a hazy altar of Hepliaklqana.
  3235 | D:5      | Found a radiant altar of Vehumet.
  3253 | D:5      | Noticed Grinder
  3280 | D:5      | Paralysed by Grinder for 5 turns
  3285 | D:5      | Killed Grinder
  3285 | D:5      | Reached XP level 8. HP: 43/73 MP: 7/7
  3556 | D:5      | Found a basalt altar of Yredelemnul.
  3567 | D:5      | Noticed ShadedKnight's ghost (novice DEFE)
  3568 | D:5      | Reached skill level 1 in Shields
  3577 | D:5      | Killed ShadedKnight's ghost
  3729 | D:5      | Reached skill level 5 in Shields
  3801 | D:5      | Got an encrusted buckler
  3880 | D:5      | Noticed Prince Ribbit
  3894 | D:5      | Killed Prince Ribbit
  4020 | D:5      | Identified the +0 buckler of Loss {Str+6 Int+4 SInv} (You found it on level 5 of the Dungeon)
  4088 | D:6      | Received a gift from Trog
  4092 | D:6      | Reached skill level 5 in Armour
  4119 | D:6      | Reached XP level 9. HP: 59/79 MP: 8/8
  4182 | D:6      | Noticed Eustachio
  4208 | D:6      | Killed Eustachio
  4418 | D:6      | Found a staircase to the Ecumenical Temple.
  4711 | D:6      | Reached skill level 5 in Dodging
  4972 | D:7      | Noticed cerealjynx's ghost (novice GnTm)
  5002 | D:7      | Killed cerealjynx's ghost
  5711 | D:8      | Reached XP level 10. HP: 69/90 MP: 9/9
  5731 | D:8      | Noticed a two-headed ogre
  5740 | D:8      | Killed a two-headed ogre
  6449 | D:8      | Reached ***** piety under Trog
  6746 | D:9      | Noticed a two-headed ogre
  6751 | D:9      | Killed a two-headed ogre
  6751 | D:9      | Reached skill level 5 in Throwing
  6859 | D:9      | Received a gift from Trog
  6995 | D:9      | Noticed Pikel
  7000 | D:9      | Killed Pikel
  7024 | D:9      | Found a staircase to the Orcish Mines.
  7052 | D:9      | Found a sparkling altar of Nemelex Xobeh.
  7327 | D:10     | Entered Level 10 of the Dungeon
  7331 | D:10     | Found a stormy altar of Qazlal.
  7334 | D:10     | Got a pair of warped gloves
  7353 | D:10     | Identified the +3 pair of gloves of the Armoured One {rElec rPois rN++ Int+4} (You found it on level 10 of the Dungeon)
  7371 | D:10     | Found a staircase to the Lair.
  7407 | D:10     | Received a gift from Trog
  7439 | Lair:1   | Entered Level 1 of the Lair of Beasts
  7442 | Lair:1   | Reached skill level 10 in Fighting
  7457 | Lair:1   | Reached skill level 10 in Axes
  7729 | Lair:1   | Found a frozen archway.
  7791 | Lair:1   | Reached XP level 11. HP: 63/99 MP: 10/10
  7792 | Lair:1   | Reached skill level 10 in Shields
  8599 | Lair:2   | Found a staircase to the Swamp.
 10440 | Lair:4   | Noticed a four-headed hydra
 10453 | Lair:4   | Killed a one-headed hydra
 10744 | Lair:4   | Found an opulent altar of Gozag.
 11122 | Lair:4   | Reached XP level 12. HP: 108/110 MP: 11/11
 11146 | Lair:4   | Found a staircase to the Snake Pit.
 11571 | Lair:4   | Received a gift from Trog
 11612 | Lair:5   | Noticed Josephine
 11629 | Lair:5   | Killed Josephine
 11963 | Lair:5   | Received a gift from Trog
 12261 | Lair:5   | Noticed an eight-headed hydra
 12269 | Lair:5   | Killed a four-headed hydra
 12734 | Lair:6   | Entered Level 6 of the Lair of Beasts
 12808 | Lair:6   | Got a faintly glowing pewter amulet
 13197 | Lair:6   | Noticed a five-headed hydra
 13205 | Lair:6   | Killed a one-headed hydra
 13205 | Lair:6   | Reached XP level 13. HP: 77/119 MP: 12/12
 13703 | Lair:6   | Found a runed door.
 13808 | Lair:6   | Found a viscous altar of Jiyva.
 13809 | Lair:6   | Found a staircase to the Slime Pits.
 15221 | D:10     | Received a gift from Trog
 15475 | D:10     | Received a gift from Trog
 15610 | D:10     | Identified the amulet "Beur" {Harm *Drain Stlth+} (You found it on level 6 of the Lair of Beasts)
 15658 | D:10     | Reached skill level 10 in Armour
 16546 | D:11     | Received a gift from Trog
 16869 | D:12     | Reached XP level 14. HP: 130/130 MP: 13/13
 17279 | D:12     | Noticed Azrael
 17296 | D:12     | Killed Azrael
 18246 | D:13     | Found Viren's Changing Room.
 18395 | D:13     | Found Qosmebi's Armour Emporium.
 18411 | D:13     | Bought a +0 cloak for 67 gold pieces
 18615 | D:13     | Received a gift from Trog
 18946 | D:14     | Found a gate to the Vaults.
 19038 | D:14     | Noticed Nessos
 19052 | D:14     | HP: 4/133 [Nessos/arrow (12)]
 19052 | D:14     | HP: 1/133 [Nessos/arrow (3)]
 19052 | D:14     | Mangled by a green ugly thing

Skill      XL: |  1  2  3  4  5  6  7  8  9 10 11 12 13 14 |
---------------+-------------------------------------------+-----
Fighting       | 4 5 7 8 10 11 12 13 14 | 14.4
Axes           | 4 5 7 8 10 11 12 13 14 | 14.4
Throwing       | 1 2 3 4 5 6 7 8 |  8.8
Armour         | 3 4 5 6 7 8 9 10 | 10.6
Dodging        | 3 4 5 6 7 8 9 |  9.8
Shields        | 7 8 9 11 12 13 14 | 14.3

Action                   |  1- 3 |  4- 6 |  7- 9 | 10-12 | 13-15 || total
-------------------------+-------+-------+-------+-------+-------++-------
Melee: Hand axe          |    64 |    43 |       |    19 |       ||   126
       Headbutt          |    11 |    20 |    52 |   127 |   170 ||   380
       War axe           |       |    55 |   254 |   443 |   551 ||  1303
Throw: Javelin           |       |       |     1 |     5 |     6 ||    12
Invok: Berserk           |     1 |     3 |     6 |     9 |     7 ||    26
       Trog's Hand       |       |       |     3 |     2 |     5 ||    10
       Burn Spellbooks   |       |       |       |     1 |       ||     1
       Brothers in Arms  |       |       |       |       |     2 ||     2
 Stab: Petrified         |       |       |       |       |     1 ||     1
  Eat: Chunk             |     1 |     6 |    16 |    28 |    18 ||    69
       Ration            |       |       |     1 |     2 |     3 ||     6
Armor: Animal skin       |     2 |       |       |       |       ||     2
       Chain mail        |    39 |    56 |   117 |       |       ||   212
       Plate armour      |       |       |    42 |   300 |   232 ||   574
Dodge: Dodged            |    40 |    52 |   121 |   259 |   216 ||   688
Block: Buckler           |       |       |    44 |   136 |   300 ||   480
       Reflection        |       |       |       |       |    18 ||    18
